General information
- name: BNet
- type: Ladder team game (AT/RT)
- host: Battle.net
- saver: dogsandhorse.ru
map: Highperch
- players: 6
- length: 104:34
- speed: Fast
- version: 1.26 W3XP
- replay type:

» download(465 KB)
Players
team 1 (loser)
Cr8]Dyzio (
blue | 33 APM | 3369 actions | 101:19)
4 Blademaster
2 Wind Walk
2 Critical Strike
3 Shadow Hunter
1 Hex
2 Healing Wave
3 Far Seer
1 Feral Spirit
1 Chain Lighting
1 Far Sight
2 Priestess of the Moon
1 Scout
1 Trueshot Aura
» actions
| Assign group hotkey | 72 | |
| Basic commands | 32 | |
| Build / train | 106 | |
| ESC pressed | 8 | |
| Enter build submenu | 40 | |
| Enter hero's abilities submenu | 11 | |
| Give item / drop item | 1 | |
| Remove unit from queue | 3 | |
| Right click | 1302 | |
| Select / deselect | 599 | |
| Select group hotkey | 899 | |
| Use ability | 296 | |
3369 total
» units
| Peon | 16 | |
| Grunt | 3 | |
| Demolisher | 8 | |
| Troll Witch Doctor | 4 | |
| Raider | 7 | |
| Wind Rider | 5 | |
| Troll Batrider | 12 | |
55 total
» upgrades
| Reinforced Defenses | 1 | |
| Witch Doctor Training | 2 | |
| Ranged Weapons | 3 | |
| Ensnare | 1 | |
| Burning Oil | 1 | |
| Armor | 2 | |
| Melee Weapons | 1 | |
| Pillage | 1 | |
12 total
» buildings
| Altar of Storms | 1 | |
| Orc Burrow | 6 | |
| Barracks | 1 | |
| Voodoo Lounge | 2 | |
| Stronghold | 2 | |
| War Mill | 1 | |
| Fortress | 1 | |
| Watch Tower | 22 | |
| Beastiary | 2 | |
| Great Hall | 2 | |
| Spirit Lodge | 1 | |
41 total
» build order
00:04 Altar of Storms
00:06 Orc Burrow
00:35 Barracks
01:28 Orc Burrow
01:57 Voodoo Lounge
03:24 Stronghold
03:24 Stronghold
03:53 War Mill
05:46 Fortress
06:14 Orc Burrow
06:31 Watch Tower
06:32 Watch Tower
06:33 Watch Tower
06:35 Watch Tower
07:20 Watch Tower
07:21 Watch Tower
07:41 Beastiary
09:47 Orc Burrow
10:49 Great Hall
10:54 Watch Tower
10:56 Watch Tower
11:01 Watch Tower
11:05 Watch Tower
11:48 Spirit Lodge
12:20 Watch Tower
12:22 Watch Tower
12:30 Watch Tower
12:44 Watch Tower
12:47 Watch Tower
13:53 Voodoo Lounge
14:19 Watch Tower
14:20 Watch Tower
14:24 Watch Tower
18:20 Orc Burrow
19:14 Orc Burrow
27:16 Beastiary
29:14 Great Hall
29:51 Watch Tower
29:51 Watch Tower
29:52 Watch Tower
29:53 Watch Tower
» items
| Boots of Speed | 1 | |
| Staff of Teleportation | 1 | |
| Healing Salve | 5 | |
| Lesser Clarity Potion | 2 | |
| Orb of Lightning | 1 | |
| Scroll of Town Portal | 1 | |
| Tome of Retraining | 1 | |
12 total
DrIIve (
pink | 62 APM | 1550 actions | 24:51)
2 Far Seer
1 Feral Spirit
1 Chain Lighting
» actions
| Assign group hotkey | 37 | |
| Basic commands | 10 | |
| Build / train | 51 | |
| Enter build submenu | 15 | |
| Enter hero's abilities submenu | 2 | |
| Remove unit from queue | 5 | |
| Right click | 614 | |
| Select / deselect | 263 | |
| Select group hotkey | 504 | |
| Use ability | 49 | |
1550 total
» units
| Peon | 11 | |
| Grunt | 3 | |
| Wind Rider | 10 | |
| Raider | 7 | |
31 total
» upgrades
| Spiked Barricades | 2 | |
| Ranged Weapons | 1 | |
| Armor | 3 | |
| Melee Weapons | 3 | |
| Ensnare | 1 | |
10 total
» buildings
| Barracks | 1 | |
| Orc Burrow | 7 | |
| Altar of Storms | 1 | |
| War Mill | 2 | |
| Stronghold | 1 | |
| Beastiary | 3 | |
| Watch Tower | 9 | |
| Fortress | 1 | |
25 total
» build order
00:10 Barracks
00:15 Orc Burrow
00:58 Altar of Storms
02:15 Orc Burrow
02:31 War Mill
03:01 Stronghold
04:16 Orc Burrow
05:42 Beastiary
05:47 Beastiary
05:57 Beastiary
06:42 Watch Tower
06:43 Watch Tower
06:46 Watch Tower
06:47 Watch Tower
10:12 Watch Tower
10:14 Watch Tower
10:15 Watch Tower
10:17 Watch Tower
10:20 Watch Tower
12:03 Orc Burrow
12:04 Orc Burrow
12:05 Orc Burrow
13:43 Fortress
15:55 War Mill
19:08 Orc Burrow
Koobe (
yellow | 35 APM | 3610 actions | 104:33)
4 Priestess of the Moon
2 Trueshot Aura
2 Searing Arrows
» actions
| Assign group hotkey | 137 | |
| Basic commands | 4 | |
| Build / train | 106 | |
| Enter build submenu | 47 | |
| Enter hero's abilities submenu | 6 | |
| Give item / drop item | 2 | |
| Right click | 1626 | |
| Select / deselect | 714 | |
| Select group hotkey | 774 | |
| Use ability | 194 | |
3610 total
» units
| Wisp | 47 | |
| Archer | 3 | |
| Huntress | 1 | |
| Chimaera | 9 | |
| Hippogryph | 21 | |
| Druid of the Talon | 4 | |
85 total
» upgrades
| Druid of the Talon Training | 2 | |
| Strength of the Wild | 3 | |
| Corrosive Breath | 1 | |
| Ultravision | 1 | |
| Well Spring | 1 | |
| Reinforced Hides | 3 | |
| Mark of the Talon | 1 | |
| Nature's Blessing | 1 | |
13 total
» buildings
| Altar of Elders | 1 | |
| Ancient of War | 1 | |
| Moon Well | 8 | |
| Hunter's Hall | 1 | |
| Tree of Ages | 1 | |
| Tree of Eternity | 1 | |
| Ancient of Wind | 1 | |
| Ancient Protector | 27 | |
| Tree of Life | 2 | |
| Chimaera Roost | 3 | |
46 total
» build order
00:08 Altar of Elders
00:16 Ancient of War
00:23 Moon Well
01:43 Moon Well
02:24 Hunter's Hall
02:48 Moon Well
03:47 Tree of Ages
06:11 Tree of Eternity
06:27 Ancient of Wind
06:35 Ancient Protector
06:37 Ancient Protector
06:38 Ancient Protector
06:50 Ancient Protector
06:51 Ancient Protector
07:49 Tree of Life
08:05 Ancient Protector
08:06 Ancient Protector
09:02 Chimaera Roost
10:08 Chimaera Roost
10:51 Chimaera Roost
12:02 Ancient Protector
12:32 Ancient Protector
12:33 Ancient Protector
12:58 Moon Well
13:00 Moon Well
13:24 Moon Well
13:29 Ancient Protector
13:31 Ancient Protector
13:52 Moon Well
13:56 Ancient Protector
14:01 Ancient Protector
14:04 Ancient Protector
14:23 Moon Well
16:43 Ancient Protector
16:44 Ancient Protector
16:46 Ancient Protector
16:47 Ancient Protector
16:51 Tree of Life
17:02 Ancient Protector
17:17 Ancient Protector
17:42 Ancient Protector
17:44 Ancient Protector
17:45 Ancient Protector
17:47 Ancient Protector
17:48 Ancient Protector
18:13 Ancient Protector
» items
team 2 (winner)
Birdeneering (
purple | 64 APM | 6670 actions | 104:33)
5 Mountain King
3 Storm Bolt
2 Bash
5 Paladin
3 Holy Light
2 Divine Shield
4 Archmage
2 Blizzard
2 Brilliance Aura
» actions
| Assign group hotkey | 632 | |
| Basic commands | 80 | |
| Build / train | 124 | |
| Enter build submenu | 99 | |
| Enter hero's abilities submenu | 14 | |
| Give item / drop item | 4 | |
| Remove unit from queue | 7 | |
| Right click | 3210 | |
| Select / deselect | 767 | |
| Select group hotkey | 1335 | |
| Use ability | 396 | |
6670 total
» units
| Peasant | 14 | |
| Dragonhawk Rider | 7 | |
21 total
» upgrades
| Masonry | 3 | |
| Lumber Harvesting | 2 | |
| Magic Sentry | 1 | |
| Animal War Training | 1 | |
| Swords | 3 | |
| Armor | 3 | |
| Cloud | 1 | |
14 total
» buildings
| Altar of Kings | 1 | |
| Farm | 12 | |
| Lumber Mill | 2 | |
| Scout Tower | 76 | |
| Arcane Tower | 1 | |
| Guard Tower | 43 | |
| Arcane Vault | 2 | |
| Keep | 1 | |
| Castle | 1 | |
| Arcane Sanctum | 1 | |
| Town Hall | 1 | |
| Barracks | 1 | |
| Blacksmith | 1 | |
| Gryphon Aviary | 1 | |
144 total
» build order
00:05 Altar of Kings
00:35 Farm
01:02 Lumber Mill
01:13 Farm
01:35 Scout Tower
02:01 Scout Tower
02:02 Arcane Tower
02:03 Scout Tower
02:32 Guard Tower
02:34 Scout Tower
02:37 Guard Tower
02:37 Guard Tower
03:20 Guard Tower
03:21 Scout Tower
03:23 Arcane Vault
03:50 Guard Tower
03:52 Scout Tower
03:54 Scout Tower
04:16 Keep
04:26 Guard Tower
04:27 Scout Tower
04:36 Scout Tower
05:23 Guard Tower
05:28 Scout Tower
05:29 Scout Tower
05:57 Guard Tower
05:59 Scout Tower
05:59 Scout Tower
06:01 Scout Tower
06:33 Farm
06:33 Farm
07:18 Guard Tower
07:22 Scout Tower
07:32 Castle
07:35 Arcane Sanctum
08:32 Farm
08:35 Guard Tower
08:37 Scout Tower
09:26 Guard Tower
09:28 Scout Tower
09:29 Scout Tower
10:29 Town Hall
10:38 Guard Tower
10:40 Scout Tower
10:40 Scout Tower
10:51 Guard Tower
11:31 Arcane Vault
11:32 Guard Tower
11:33 Guard Tower
11:36 Scout Tower
11:37 Scout Tower
12:24 Scout Tower
12:26 Scout Tower
12:27 Scout Tower
12:28 Scout Tower
12:31 Guard Tower
12:36 Barracks
12:37 Blacksmith
12:38 Gryphon Aviary
13:06 Scout Tower
13:07 Scout Tower
13:07 Scout Tower
13:08 Scout Tower
14:26 Guard Tower
14:28 Scout Tower
14:29 Scout Tower
14:52 Guard Tower
15:02 Guard Tower
15:28 Guard Tower
15:30 Scout Tower
15:31 Scout Tower
17:03 Guard Tower
22:16 Farm
22:16 Farm
22:17 Farm
22:18 Farm
22:19 Farm
24:16 Farm
24:17 Farm
30:21 Lumber Mill
30:27 Scout Tower
30:28 Scout Tower
30:42 Scout Tower
30:45 Scout Tower
31:04 Scout Tower
31:47 Guard Tower
31:50 Scout Tower
31:51 Scout Tower
32:44 Guard Tower
33:40 Scout Tower
33:41 Scout Tower
33:42 Scout Tower
33:43 Scout Tower
33:45 Scout Tower
33:46 Scout Tower
34:32 Guard Tower
34:47 Scout Tower
34:49 Scout Tower
34:50 Scout Tower
34:51 Scout Tower
35:24 Guard Tower
35:27 Guard Tower
36:09 Guard Tower
36:12 Scout Tower
36:37 Guard Tower
37:41 Scout Tower
37:43 Scout Tower
37:44 Scout Tower
37:45 Scout Tower
38:19 Guard Tower
38:49 Guard Tower
39:11 Guard Tower
40:28 Scout Tower
40:28 Scout Tower
40:35 Scout Tower
40:37 Scout Tower
40:47 Scout Tower
40:53 Scout Tower
40:57 Scout Tower
40:58 Scout Tower
41:01 Scout Tower
41:04 Guard Tower
41:21 Scout Tower
41:28 Scout Tower
41:34 Guard Tower
41:38 Scout Tower
41:48 Scout Tower
41:49 Scout Tower
41:53 Scout Tower
41:56 Guard Tower
42:11 Guard Tower
42:16 Scout Tower
42:30 Guard Tower
42:47 Guard Tower
42:51 Guard Tower
42:56 Scout Tower
42:59 Guard Tower
43:25 Scout Tower
43:39 Guard Tower
44:00 Scout Tower
44:11 Scout Tower
44:23 Guard Tower
44:28 Guard Tower
44:46 Guard Tower
» items
| Healing Salve | 2 | |
| Scroll of Town Portal | 6 | |
| Staff of Sanctuary | 3 | |
| Orb of Lightning | 2 | |
| Boots of Speed | 2 | |
| Staff of Teleportation | 3 | |
| Scroll of Regeneration | 1 | |
19 total
CheckUrFeathers (
red | 48 APM | 4977 actions | 104:33)
5 Mountain King
3 Storm Bolt
2 Bash
3 Archmage
2 Blizzard
1 Brilliance Aura
4 Pandaren Brewmaster
2 Breath of Fire
2 Drunken Haze
» actions
| Assign group hotkey | 248 | |
| Basic commands | 118 | |
| Build / train | 128 | |
| ESC pressed | 4 | |
| Enter build submenu | 77 | |
| Enter hero's abilities submenu | 12 | |
| Give item / drop item | 8 | |
| Right click | 1955 | |
| Select / deselect | 1158 | |
| Select group hotkey | 902 | |
| Use ability | 367 | |
4977 total
» units
| Peasant | 16 | |
| Dragonhawk Rider | 7 | |
23 total
» upgrades
| Masonry | 3 | |
| Lumber Harvesting | 2 | |
| Magic Sentry | 1 | |
| Animal War Training | 1 | |
| Cloud | 1 | |
| Swords | 3 | |
| Armor | 3 | |
14 total
» buildings
| Altar of Kings | 1 | |
| Farm | 10 | |
| Lumber Mill | 1 | |
| Scout Tower | 41 | |
| Arcane Tower | 14 | |
| Guard Tower | 29 | |
| Keep | 3 | |
| Town Hall | 1 | |
| Arcane Vault | 2 | |
| Castle | 2 | |
| Arcane Sanctum | 1 | |
| Gryphon Aviary | 3 | |
| Blacksmith | 3 | |
| Barracks | 1 | |
112 total
» build order
00:01 Altar of Kings
00:02 Farm
00:53 Lumber Mill
01:10 Scout Tower
01:13 Scout Tower
01:26 Farm
01:44 Scout Tower
01:49 Scout Tower
01:51 Arcane Tower
02:06 Guard Tower
02:06 Guard Tower
02:06 Guard Tower
02:18 Scout Tower
02:20 Scout Tower
02:46 Guard Tower
02:57 Guard Tower
02:57 Guard Tower
03:08 Scout Tower
03:09 Scout Tower
03:13 Scout Tower
03:24 Scout Tower
03:39 Scout Tower
03:42 Scout Tower
03:48 Guard Tower
03:49 Guard Tower
03:52 Scout Tower
03:52 Scout Tower
04:15 Keep
04:16 Keep
04:18 Arcane Tower
04:18 Arcane Tower
04:22 Guard Tower
04:28 Arcane Tower
04:28 Arcane Tower
04:28 Arcane Tower
04:34 Scout Tower
04:37 Scout Tower
05:26 Scout Tower
05:27 Scout Tower
05:28 Guard Tower
05:28 Guard Tower
05:28 Guard Tower
05:29 Guard Tower
05:40 Farm
05:59 Scout Tower
06:01 Scout Tower
06:02 Guard Tower
06:02 Guard Tower
06:02 Guard Tower
06:30 Scout Tower
06:31 Scout Tower
06:33 Guard Tower
06:33 Guard Tower
07:30 Guard Tower
07:32 Scout Tower
07:33 Scout Tower
08:29 Town Hall
08:55 Guard Tower
09:00 Scout Tower
09:00 Scout Tower
09:01 Scout Tower
10:09 Guard Tower
10:10 Guard Tower
10:43 Guard Tower
10:57 Arcane Vault
10:58 Castle
10:59 Castle
11:05 Arcane Sanctum
11:13 Gryphon Aviary
13:22 Blacksmith
13:23 Barracks
13:27 Blacksmith
13:32 Blacksmith
13:34 Gryphon Aviary
13:36 Gryphon Aviary
15:25 Farm
15:26 Farm
22:20 Farm
22:21 Farm
22:21 Farm
22:22 Farm
22:23 Farm
23:50 Scout Tower
23:51 Scout Tower
23:52 Scout Tower
27:45 Arcane Vault
34:00 Scout Tower
34:02 Scout Tower
34:04 Scout Tower
34:09 Scout Tower
34:13 Scout Tower
34:42 Arcane Tower
34:42 Arcane Tower
35:04 Arcane Tower
35:04 Arcane Tower
66:48 Scout Tower
66:49 Scout Tower
66:50 Scout Tower
66:52 Scout Tower
66:55 Scout Tower
67:01 Scout Tower
67:28 Arcane Tower
67:28 Arcane Tower
67:28 Arcane Tower
» items
| Healing Salve | 1 | |
| Lesser Clarity Potion | 1 | |
| Staff of Sanctuary | 2 | |
| Scroll of Town Portal | 4 | |
| Orb of Lightning | 2 | |
| Staff of Teleportation | 1 | |
| Boots of Speed | 1 | |
| Scroll of Regeneration | 1 | |
13 total
dogsandhorse.ru (
teal | 68 APM | 7078 actions | 104:33)
8 Blademaster
3 Wind Walk
3 Critical Strike
1 Bladestorm
1 Mirror Image
2 Goblin Tinker
1 Pocket Factory
1 Engineering Upgrade
» actions
| Assign group hotkey | 22 | |
| Basic commands | 63 | |
| Build / train | 116 | |
| Enter build submenu | 48 | |
| Enter hero's abilities submenu | 11 | |
| Give item / drop item | 6 | |
| Remove unit from queue | 1 | |
| Right click | 5155 | |
| Select / deselect | 943 | |
| Select group hotkey | 405 | |
| Use ability | 307 | |
7078 total
» units
| Peon | 24 | |
| Troll Batrider | 22 | |
| Wind Rider | 18 | |
64 total
» upgrades
| Reinforced Defenses | 1 | |
| Ranged Weapons | 3 | |
| Armor | 3 | |
| Envenomed Spears | 1 | |
| Liquid Fire | 1 | |
9 total
» buildings
| Altar of Storms | 1 | |
| Orc Burrow | 10 | |
| War Mill | 2 | |
| Voodoo Lounge | 2 | |
| Stronghold | 5 | |
| Watch Tower | 23 | |
| Beastiary | 2 | |
| Fortress | 1 | |
46 total
» build order
00:10 Altar of Storms
00:19 Orc Burrow
01:05 War Mill
01:41 Voodoo Lounge
01:48 Voodoo Lounge
02:32 Orc Burrow
03:14 Stronghold
03:14 Stronghold
03:14 Stronghold
03:14 Stronghold
04:16 Watch Tower
04:17 Watch Tower
05:05 Watch Tower
05:09 Watch Tower
05:36 Beastiary
05:37 Beastiary
07:12 Orc Burrow
07:14 Orc Burrow
09:44 Fortress
09:49 Orc Burrow
17:41 Orc Burrow
17:44 Orc Burrow
17:49 Orc Burrow
19:36 Orc Burrow
19:38 Orc Burrow
32:01 War Mill
32:10 Watch Tower
33:20 Watch Tower
33:26 Watch Tower
33:31 Watch Tower
33:48 Watch Tower
34:25 Watch Tower
34:43 Watch Tower
34:50 Watch Tower
35:15 Watch Tower
36:05 Watch Tower
36:08 Watch Tower
36:09 Watch Tower
36:13 Watch Tower
37:15 Watch Tower
37:23 Watch Tower
37:24 Watch Tower
37:31 Watch Tower
38:26 Watch Tower
38:39 Watch Tower
» items
| Healing Salve | 4 | |
| Lesser Clarity Potion | 6 | |
| Staff of Teleportation | 2 | |
| Boots of Speed | 2 | |
| Scroll of Town Portal | 2 | |
| Orb of Lightning | 1 | |
| Tiny Great Hall | 1 | |
| Mechanical Critter | 5 | |
23 total
Chat log
(00:07 / All) Birdeneering: hey everyone
(00:15 / All) Cr8]Dyzio: siema z rana ;]
(00:15 / All) dogsandhorse.ru: howdy all
(00:28 / All) DrIIve: fuck ACTA !!!!!!!!!
(00:37 / All) dogsandhorse.ru: i don't care abou tit
(00:40 / All) dogsandhorse.ru: about it
(00:42 / All) dogsandhorse.ru: ii'm in canada
(00:44 / All) dogsandhorse.ru: : - )
(01:05 / All) DrIIve: u have it now ...
(01:09 / All) dogsandhorse.ru: no
(01:33 / All) DrIIve: canada sign acta papers o0
(01:43 / All) dogsandhorse.ru: it will never happen
(01:53 / All) Birdeneering: you orcs can keep talking about it
(01:57 / All) Birdeneering: til you go green in the face
(01:59 / All) Birdeneering: oh..
(24:33 / All) Birdeneering: don't censor our towers plz
(30:59 / All) Koobe: live
(31:00 / All) dogsandhorse.ru: gg...
(31:08 / All) Birdeneering: we're out of gold :(
(32:23 / All) Birdeneering: chimaera noob
(32:28 / All) Birdeneering: why shoot longer than tower
(32:32 / All) Cr8]Dyzio: mass tower no noob?
(32:39 / All) Birdeneering: no farm
(32:41 / All) Birdeneering: can't unit
(32:42 / All) dogsandhorse.ru: true imbalance
(32:50 / All) dogsandhorse.ru: towers are wiorst unit in the game
(32:51 / All) dogsandhorse.ru: can't mkove
(34:03 / All) dogsandhorse.ru: gg...
(34:07 / All) Birdeneering: ff
(34:08 / All) Birdeneering: last base
(34:15 / All) dogsandhorse.ru: garbage noobs
(34:44 / All) Birdeneering: wtf
(34:45 / All) Birdeneering: why?
(35:18 / All) Birdeneering: u found zeppelin?
(36:31 / All) Birdeneering: those chimaera have two heads... but only one life!
(36:55 / All) dogsandhorse.ru: why you do this
(36:58 / All) Birdeneering: looks like the siege has become the siegee
(37:51 / All) dogsandhorse.ru: welcome to highperch
(37:59 / All) CheckUrFeathers: welcome to you're doom
(38:21 / All) CheckUrFeathers: so why did ur noob friend leave huh
(38:35 / All) CheckUrFeathers: can he predict the 0wnage of teh future??
(38:53 / All) CheckUrFeathers: mirror mirror on da wall.. who is the noobest of them all hint it su
(39:03 / All) Cr8]Dyzio: you use goblin for this
(39:18 / All) CheckUrFeathers: you are a goblin . both in terms of stature and likeness
(39:20 / All) CheckUrFeathers: deal /w it
(39:20 / All) dogsandhorse.ru: goblin zeppelin
(39:22 / All) Birdeneering: I'll tell you what we didn't use
(39:33 / All) dogsandhorse.ru: and i'll tell you what You didn't use
(39:36 / All) dogsandhorse.ru: your head childs
(40:09 / All) Birdeneering: her butt so big she's a priestess of the full moon POW can I get a zug-zug??
(41:37 / All) CheckUrFeathers: hey. how did u get up there
(41:43 / All) Birdeneering: wtf
(41:44 / All) Birdeneering: U can see?
(41:53 / All) CheckUrFeathers: stop the game
(46:01 / All) CheckUrFeathers: Koobe Bryant over here attempting some new technology
(49:01 / All) CheckUrFeathers: Dyzio i'm gettin dizzy just lookin @ how much of a noob thou art
(49:20 / All) CheckUrFeathers: if yo ucan't even defeat one bat in open ground
(49:29 / All) CheckUrFeathers: how can u expect to defeat a MOUNTAIN full of BATs
(50:16 / All) CheckUrFeathers: so how much gold y'all got left
(50:18 / All) Birdeneering: *slurp slurp* I see bats... *slurp slurp* many bats *slurp slurp* yet more bats
(50:38 / All) CheckUrFeathers: how many bats could a noob bat bat if a noob bat could bat noobs
(51:33 / All) Birdeneering: It's night
(51:46 / All) Koobe: i go sleep cya
(51:53 / All) Birdeneering: good bye!!!
(52:02 / All) Birdeneering: we'll watch the mountain 4 u
(53:12 / All) Koobe: nice
(53:18 / All) Birdeneering: why aren't you in bed
(53:23 / All) Birdeneering: sleeping sweet dreams
(53:42 / All) Koobe: i go eat im back 15 min ok
(53:46 / All) Birdeneering: you lied last time
(53:51 / All) Birdeneering: I think you're lying again
(53:57 / All) Birdeneering: do you think this is the first time
(53:59 / All) Birdeneering: we've done this?
(54:27 / All) Koobe: i love w3 i cant stay i play 3 days
(54:36 / All) dogsandhorse.ru: for koobe so love war3
(54:37 / All) Birdeneering: are you going to go eat+
(54:40 / All) Birdeneering: or stay and talk
(54:42 / All) dogsandhorse.ru: that he gave his only begotten time
(55:01 / All) Koobe: come to mee
(58:02 / All) Birdeneering: koobe are you there
(58:16 / All) Birdeneering: are you pretending to be gone?
(58:21 / All) Birdeneering: so we attack?
(58:23 / All) Birdeneering: clever you :)
(61:36 / All) Birdeneering: max with bewts
(62:24 / All) Birdeneering: hello!
(62:31 / All) dogsandhorse.ru: lol
(62:51 / All) Birdeneering: Koobe Treant with a slam dunk to the ground
(86:17 / All) dogsandhorse.ru: welcome back . . ..
(88:46 / All) Birdeneering: how are you guys doing
(88:50 / All) Birdeneering: you having a good time?
(88:57 / All) Birdeneering: we're riffing, raffing, making jokes
(89:07 / All) dogsandhorse.ru: at your expense of course
(89:12 / All) dogsandhorse.ru: speaking of expense
(89:17 / All) dogsandhorse.ru: if you paypal me $3 we'll all quit
(89:20 / All) dogsandhorse.ru: highper.ch/win
(90:00 / All) dogsandhorse.ru: click this: http://highper.ch/win
(90:58 / All) dogsandhorse.ru: thanks
(91:11 / All) dogsandhorse.ru: cool
(91:17 / All) dogsandhorse.ru: medium armor
(91:20 / All) dogsandhorse.ru: or heavy even
(94:51 / All) Birdeneering: nyuck nyuck
(94:55 / All) Birdeneering: 0 gold was lost
(100:30 / All) dogsandhorse.ru: from downtown
(101:22 / All) dogsandhorse.ru: lol
(101:22 / All) CheckUrFeathers: Gg
(101:23 / All) CheckUrFeathers: close one
(101:24 / All) CheckUrFeathers: pause
(101:25 / All) CheckUrFeathers: not
(101:34 / All) CheckUrFeathers: brb pizza
(101:40 / All) CheckUrFeathers: one sec pls my pizza
(101:40 / All) dogsandhorse.ru: angerypause
(102:08 / All) CheckUrFeathers: imagine being this nagery
(103:26 / All) dogsandhorse.ru: http://highper.ch/ for more.........highperch
(103:39 / All) CheckUrFeathers: visit my website for a pizza roll
(103:46 / All) CheckUrFeathers: click on this webzone if you want a pizza rolle
(104:21 / All) CheckUrFeathers: it must suck to have waited this long to lose
(104:26 / All) CheckUrFeathers: good thing we'll never know what that feels like